 Dungeon Crawl Stone Soup version 0.21-a0-128-gf2b353c (webtiles) character file.

13464 seacreature the Fighter (level 11, -5/90 HPs)
             Began as a Mummy Wanderer on July 16, 2017.
             Was an Initiate of Gozag.
             Slain by a cyan ugly thing (14 damage)
             ... on level 11 of the Dungeon.
             The game lasted 00:45:14 (22008 turns).

seacreature the Fighter (Mummy Wanderer)           Turns: 22008, Time: 00:45:15

Health: -5/90      AC:  9    Str: 16    XL:     11   Next: 75%
Magic:  24/24      EV: 15    Int: 12    God:    Gozag
Gold:   141        SH:  5    Dex: 18    Spells: 2/10 levels left

rFire    . . .     SeeInvis .   w - +4 flail (crush)
rCold    + . .     Gourm    .   t - +0 buckler
rNeg     + + +     Faith    .   r - +3 leather armour of the Evening Star {Dex+4}
rPois    ∞         Spirit   .   (no helmet)
rElec    .         Reflect  .   j - +2 cloak
rCorr    .         Harm     .   (no gloves)
MR       +....                  (no boots)
Stlth    ++........             (no amulet)
HPRegen  0.25/turn              e - ring of magical power
MPRegen  0.19/turn              A - ring of protection from fire

@: no status effects
A: no food or potions, fire vulnerability, cold resistance 1, negative energy
resistance 3, torment resistance, unbreathing
a: Potion Petition, Call Merchant, Bribe Branch, Renounce Religion


You were on level 11 of the Dungeon.
You worshipped Gozag.
Gozag was aware of your devotion.
You were not hungry.

You visited 2 branches of the dungeon, and saw 12 of its levels.

You collected 1931 gold pieces.
You paid 1790 gold pieces to Gozag.

Inventory:

Hand Weapons
 w - a +4 flail of crushing (weapon)
Missiles
 g - 303 stones (quivered)
Armour
 d - a +0 robe
 f - a +0 ring mail
 j - a +2 cloak (worn)
 r - the +3 leather armour of the Evening Star (worn) {Dex+4}
   (You found it on level 5 of the Dungeon)

   It affects your dexterity (+4).
 t - a +0 buckler (worn)
 v - a +2 robe of magic resistance
 E - a +0 plate armour of magic resistance
Jewellery
 e - a ring of magical power (left hand)
 k - an uncursed ring of positive energy
 A - a ring of protection from fire (right hand)
 J - an uncursed ring of fire
 O - an uncursed ring of stealth
Wands
 l - a wand of paralysis (1/24)
 n - a wand of paralysis (0/24)
 s - a wand of digging (22/24)
 x - a wand of confusion (12/48)
 z - a wand of lightning (4/15)
 H - a wand of digging (6/24)
 N - a wand of acid (8/15)
 R - a wand of paralysis (12/24)
Scrolls
 a - 2 scrolls of remove curse
 h - 3 scrolls of recharging
 m - 2 scrolls of amnesia
 o - 4 scrolls of immolation
 p - a scroll of enchant weapon
 u - a scroll of fog
 y - 2 scrolls of fear {unknown}
 B - 3 scrolls of identify {unknown}
 C - 3 scrolls of enchant armour
 F - a scroll of teleportation
 G - a scroll of blinking {unknown}
 K - a scroll of magic mapping {unknown}
 M - a scroll of noise {unknown}
 Q - a scroll of random uselessness {unknown}
Books
 b - the Disquisition on the Entourage

   Spells                             Type                      Level
   a - Summon Butterflies             Summoning                    1
   b - Recall                         Summoning/Translocation      3
 c - Sukume's Grimoire of Flight

   Spells                             Type                      Level
   a - Swiftness                      Charms/Air                   2
   b - Poisonous Vapours              Poison/Air                   2
 i - a book of Air

   Spells                             Type                      Level
   a - Shock                          Conjuration/Air              1
   b - Swiftness                      Charms/Air                   2
   c - Static Discharge               Conjuration/Air              3
   d - Airstrike                      Air                          4
   e - Lightning Bolt                 Conjuration/Air              5
 D - a book of Flames

   Spells                             Type                      Level
   a - Flame Tongue                   Conjuration/Fire             1
   b - Throw Flame                    Conjuration/Fire             2
   c - Conjure Flame                  Conjuration/Fire             3
   d - Inner Flame                    Hexes/Fire                   3
   e - Sticky Flame                   Conjuration/Fire             4
   f - Fireball                       Conjuration/Fire             5
 I - Sif Muna's Collected Works on the Escort
   (You found it on level 7 of the Dungeon)

   Spells                             Type                      Level
   a - Summon Butterflies             Summoning                    1
 P - a book of Frost

   Spells                             Type                      Level
   a - Freeze                         Ice                          1
   b - Throw Frost                    Conjuration/Ice              2
   c - Ozocubu's Armour               Charms/Ice                   3
   d - Throw Icicle                   Conjuration/Ice              4
   e - Summon Ice Beast               Ice/Summoning                4
Miscellaneous
 L - a phantom mirror
Comestibles
 q - 10 fruits


   Skills:
 - Level 10.0 Fighting
 + Level 8.6 Maces & Flails
 - Level 1.0 Throwing
 + Level 1.0 Armour
 - Level 4.8 Dodging
 - Level 3.2 Stealth
 - Level 4.1 Shields
 - Level 2.4 Air Magic
 + Level 5.6 Poison Magic
 - Level 5.8 Evocations


You had 2 spell levels left.
You knew the following spells:

 Your Spells              Type           Power        Failure   Level  Hunger
a - Poisonous Vapours     Pois/Air       #.....       12%         2    N/A
b - Swiftness             Chrm/Air       #.......     36%         2    N/A
c - Summon Butterflies    Summ           #.......     38%         1    N/A
d - Conjure Flame         Conj/Fire      #.......     77%         3    N/A

Dungeon Overview and Level Annotations

Branches:
Dungeon (11/15)            Temple (1/1) D:6            Lair (0/6) D:8
    Orc: D:9-12

Altars:
Ashenzari
Dithmenos
Elyvilon
Fedhas
Gozag
Hepliaklqana
Kikubaaqudgha
Makhleb
Okawaru
Qazlal
Ru
Sif Muna
Trog
Uskayaw
Vehumet
Wu Jian
Xom
Yredelemnul
Zin
The Shining One

Shops:
D:8 *   D:11 (

Annotations:
D:4 Robin


Innate Abilities, Weirdness & Mutations

You do not eat or drink.
Your flesh is vulnerable to fire.
You are immune to poison.
Your flesh is cold resistant. (rC+)
You are immune to negative energy. (rN+++)
You are immune to unholy pain and torment.
You can survive without breathing.


Message History

Unknown command. [a] - 484 gold - resistance, invisibility and agility [b] - 390 gold - heal wounds, curing and berserk rage [c] - 725 gold - haste, flight, invisibility and agility Purchase which effect?
You no longer have enough gold to petition Gozag for potion effects.
You feel much better.
You feel better.
You cannot raise a blood rage in your lifeless body.
The cyan ugly thing tail-slaps you! The cyan ugly thing shocks you!
* * * LOW HITPOINT WARNING * * *
Unknown command.
Unknown command.
The iguana hisses angrily.
You thump the cyan ugly thing!
The cyan ugly thing is severely wounded.
The cyan ugly thing tail-slaps you!
* * * LOW HITPOINT WARNING * * *
The cyan ugly thing shocks you!
You die...
Your body crumbles into a pile of gold.

#.# ##.# #.# #####..# #.#
#.....## ### #.# ###.######
#.. ##.# #........# #.. #
#..# #........####.. ...
##.## #........#..'..
#..##..#######........#.##..
#.......ou@.....l......####
###..########........###
#.## ########## ##'### ##
#....# .#######....#
.##....'....# #
.##.####...)# # ....#
#..).#####################


You could see a cyan ugly thing, an iguana and an orc wizard.

Vanquished Creatures
  3 two-headed ogres
  A deep elf mage (D:10)
  A cyclops (D:10)
  A manticore (D:11)
  Maurice (D:9)
  A centaur zombie (D:10)
  Joseph (D:7)
  2 gargoyles
  A komodo dragon (D:11)
  The ghost of stonefruit the Insei, a novice OpTm of Gozag (D:5)
  A troll (D:10)
  2 hippogriffs
  A spriggan (D:10)
  4 yaks (D:10)
  A shadow (D:11)
  Sigmund (D:2)
  3 wyverns
  A basilisk (D:11)
  A human (D:10)
  Edmund (D:5)
  3 wargs (D:8)
  A water moccasin (D:9)
  5 orc warriors
  2 sky beasts
  An ice beast (D:11)
  2 black bears
  7 ogres
  2 eyes of draining
  A phantom (D:8)
  9 centaurs
  2 necrophages
  A big kobold (D:10)
  6 bullfrogs
  3 scorpions
  5 wights
  2 howler monkeys
  3 bullfrog zombies
  5 crimson imps
  A quasit (D:10)
  5 hounds
  13 orc priests
  3 jellies
  A bullfrog skeleton (D:11)
  2 centaur skeletons
  25 orc wizards
  5 iguanas
  9 worker ants
  A hound skeleton (D:5)
  7 gnolls
  15 adders
  A shadow imp (D:7)
  An ooze (D:2)
  2 worms
  A dart slug (D:3)
  9 leopard geckos
  55 orcs
  6 bats
  3 giant cockroaches
  18 goblins
  9 hobgoblins
  8 jackals
  14 kobolds
  7 quokkas
  2 frilled lizards
  2 quokka skeletons (D:5)
  4 rats
318 creatures vanquished.

Vanquished Creatures (others)
  A centaur skeleton (D:10)
  2 howler monkeys (D:10)
  A bullfrog skeleton (D:10)
  An adder (D:10)
  A plant (D:8)
6 creatures vanquished.

Grand Total: 324 creatures vanquished

Notes
Turn   | Place    | Note
-------+----------+-------------------------------------------
     0 | D:1      | seacreature the Mummy Wanderer began the quest for the Orb.
     0 | D:1      | seacreature set off with: a +2 mace, the Disquisition on the Entourage, Sukume's Grimoire of Flight, a +0 robe
     0 | D:1      | Reached XP level 1. HP: 18/18 MP: 1/1
     0 | D:1      | Identified the Disquisition on the Entourage
     0 | D:1      | Identified Sukume's Grimoire of Flight
   853 | D:1      | Reached XP level 2. HP: 24/24 MP: 2/2
  1794 | D:2      | Found a faded altar of an unknown god.
  1816 | D:2      | Noticed Sigmund
  2140 | D:2      | Reached XP level 3. HP: 22/29 MP: 3/3
  2219 | D:2      | Learned a level 2 spell: Poisonous Vapours
  2993 | D:2      | Killed Sigmund
  2993 | D:2      | Reached XP level 4. HP: 21/35 MP: 4/4
  2993 | D:2      | Reached XP level 5. HP: 25/41 MP: 5/5
  3067 | D:2      | Found a shattered altar of Ashenzari.
  3194 | D:2      | Found a shimmering altar of Xom.
  3194 | D:2      | Found a sacrificial altar of Ru.
  3737 | D:3      | Reached skill level 5 in Maces & Flails
  4307 | D:3      | Reached XP level 6. HP: 47/47 MP: 6/6
  4598 | D:3      | Learned a level 2 spell: Swiftness
  4600 | D:3      | Learned a level 1 spell: Summon Butterflies
  5337 | D:4      | Noticed Robin
  5442 | D:5      | Entered Level 5 of the Dungeon
  5445 | D:5      | Reached XP level 7. HP: 32/52 MP: 7/7
  5503 | D:5      | Noticed stonefruit's ghost (novice OpTm)
  5716 | D:4      | Reached skill level 1 in Evocations
  6847 | D:5      | Got a brightly glowing leather armour
  6858 | D:5      | Identified the +3 leather armour of the Evening Star {Dex+4} (You found it on level 5 of the Dungeon)
  7082 | D:5      | Noticed Edmund
  7115 | D:5      | Killed Edmund
  7341 | D:5      | Reached XP level 8. HP: 48/58 MP: 10/10
  7785 | D:5      | Killed stonefruit's ghost
  8032 | D:5      | Found a glowing silver altar of Zin.
  9603 | D:6      | Found a staircase to the Ecumenical Temple.
  9612 | Temple   | Entered the Ecumenical Temple
  9838 | Temple   | Became a worshipper of Gozag Ym Sagoz the Greedy
  9993 | D:7      | Found a blossoming altar of Fedhas.
 10076 | D:7      | Reached skill level 5 in Evocations
 10222 | D:7      | Reached XP level 9. HP: 44/63 MP: 2/12
 10412 | D:7      | Reached skill level 1 in Shields
 11155 | D:7      | Noticed Joseph
 12477 | D:8      | Reached skill level 1 in Dodging
 13206 | D:8      | Found a staircase to the Lair.
 13320 | D:8      | Reached XP level 10. HP: 43/70 MP: 14/14
 13601 | D:8      | Found Dirchuci's General Store.
 13849 | D:8      | Found an iron altar of Okawaru.
 13851 | D:8      | Found a basalt altar of Yredelemnul.
 14022 | D:7      | Found an ancient bone altar of Kikubaaqudgha.
 14037 | D:7      | Killed Joseph
 14404 | D:7      | Found a deep blue altar of Sif Muna.
 14411 | D:7      | Identified Sif Muna's Collected Works on the Escort
 14422 | D:7      | Found a radiant altar of Vehumet.
 14585 | D:9      | Reached skill level 4 in Fighting
 14616 | D:9      | Noticed Maurice
 14653 | D:9      | Paralysed by something for 7 turns
 14828 | D:9      | Killed Maurice
 14828 | D:9      | Reached skill level 5 in Fighting
 14918 | D:9      | Noticed a two-headed ogre
 14990 | D:9      | Killed a two-headed ogre
 14990 | D:9      | Reached skill level 6 in Fighting
 15606 | D:9      | Reached skill level 7 in Fighting
 15786 | D:10     | Entered Level 10 of the Dungeon
 15803 | D:10     | Learned a level 3 spell: Conjure Flame
 15902 | D:10     | Reached skill level 1 in Poison Magic
 16387 | D:10     | Noticed a deep elf mage
 16446 | D:10     | Killed a deep elf mage
 16446 | D:10     | Reached skill level 8 in Fighting
 16446 | D:10     | Reached XP level 11. HP: 31/86 MP: 15/15
 17292 | D:10     | Found a white marble altar of Elyvilon.
 17318 | D:10     | Noticed a two-headed ogre
 17346 | D:10     | Killed a two-headed ogre
 17539 | D:10     | HP: 4/87 [something (9)]
 18121 | D:10     | Noticed a two-headed ogre
 18131 | D:10     | Killed a two-headed ogre
 18131 | D:10     | Reached skill level 9 in Fighting
 19252 | D:11     | Reached skill level 5 in Poison Magic
 19403 | D:11     | Noticed a cyan ugly thing
 19409 | D:11     | HP: 1/90 [cyan ugly thing (15)]
 21279 | D:10     | Reached skill level 10 in Fighting
 21360 | D:11     | Found a basalt altar of Yredelemnul.
 21576 | D:11     | Reached skill level 1 in Armour
 22005 | D:11     | HP: 1/90 [cyan ugly thing (14)]
 22008 | D:11     | Slain by a cyan ugly thing

Vault maps used:
D:1:      dpeg_arrival_chambers_temple_mockup, minmay_misc_feat_square
D:2:      amethyst_overflow_temple_binary, evilmike_ruin_ashenzari,
          chequers_ecumenical_altar_simple, uniq_sigmund
D:4:      first_bread, minmay_ogre_servants, uniq_robin
D:5:      marbit_many_paths, uniq_edmund
D:6:      lemuel_temple_firewalk_b
D:7:      palyth_temple_overflow_mages, fedhas_altar_2, uniq_joseph
D:8:      nicolae_overflow_hidden_temple, erik_lair_orcish_takeover,
          serial_shops, shop, lightli_minifort
D:9:      uniq_maurice
D:10:     basic_altar, hangedman_stone_soup, st_stairs_7
D:11:     basic_altar
Temple:   minmay_temple_curvy_loop

Skill      XL: |  1  2  3  4  5  6  7  8  9 10 11 |
---------------+----------------------------------+-----
Maces & Flails | 2 4 5 6 7 8 |  8.6
Evocations     | 3 5 |  5.8
Shields        | 4 |  4.1
Stealth        | 3 |  3.2
Dodging        | 3 4 |  4.8
Fighting       | 8 10 | 10.0
Poison Magic   | 2 5 |  5.6
Armour         | 1 |  1.0
Throwing       | |  1.0
Air Magic      | |  2.4

Action                   |  1- 3 |  4- 6 |  7- 9 | 10-12 || total
-------------------------+-------+-------+-------+-------++-------
Melee: Mace              |    71 |    58 |    33 |       ||   162
       Flail             |       |       |   267 |   529 ||   796
Throw: Stone             |    31 |       |       |    15 ||    46
       Throwing net      |     3 |       |     4 |       ||     7
 Cast: Poisonous Vapours |     5 |    52 |   127 |    59 ||   243
       Swiftness         |       |     1 |     3 |       ||     4
Invok: Potion Petition   |       |       |     1 |     3 ||     4
       Call Merchant     |       |       |       |     1 ||     1
Evoke: Wand              |       |       |     3 |     5 ||     8
  Use: Scroll            |     4 |     6 |     4 |     5 ||    19
 Stab: Sleeping          |     2 |       |       |     4 ||     6
       Distracted        |       |       |       |     5 ||     5
       Confused          |       |       |       |     4 ||     4
Armor: Robe              |    18 |    30 |    76 |       ||   124
       Leather armour    |       |       |     9 |   156 ||   165
Dodge: Dodged            |    58 |    66 |   164 |   266 ||   554
Block: Buckler           |       |       |    44 |   110 ||   154
